 Dungeon Crawl Stone Soup version 0.21.1-1-g345015f (webtiles) character file.

396 grindst0ne the Archer (level 6, -4/48 HPs)
             Began as a Centaur Hunter on Feb 28, 2018.
             Killed by divine providence
             ... invoked by an orc priest
              (13 damage)
             ... on level 4 of the Dungeon.
             The game lasted 00:06:35 (3562 turns).

grindst0ne the Archer (Centaur Hunter)              Turns: 3562, Time: 00:06:36

Health: -4/48      AC:  4    Str: 15    XL:     6   Next: 52%
Magic:  6/6        EV:  9    Int: 12    God:
Gold:   248        SH:  0    Dex:  9    Spells: 5/5 levels left

rFire    . . .     SeeInvis .   a - +1 shortbow
rCold    . . .     Gourm    .   (shield currently unavailable)
rNeg     . . .     Faith    .   c - +0 leather armour
rPois    .         Spirit   .   (no helmet)
rElec    .         Reflect  .   (no cloak)
rCorr    .         Harm     .   (no gloves)
MR       .....                  (no barding)
Stlth    +.........             (no amulet)
HPRegen  0.16/turn              (no ring)
MPRegen  0.10/turn              (no ring)

@: very quick
A: large, hooves 3, deformed body, speed 2, tough skin 3
a: no special abilities


You were on level 4 of the Dungeon.
You were hungry.

You visited 1 branch of the dungeon, and saw 4 of its levels.

You collected 248 gold pieces.

Inventory:

Hand Weapons
 a - a +1 shortbow (weapon)
 b - a +0 short sword
Missiles
 d - 30 arrows (quivered)
 q - a throwing net
Armour
 c - a +0 leather armour (worn)
Jewellery
 j - an uncursed amulet of guardian spirit {unknown}
Scrolls
 e - a scroll of random uselessness {unknown}
 g - 4 scrolls of identify {unknown}
 k - a scroll of magic mapping {unknown}
 m - 2 scrolls of teleportation {unknown}
 n - 3 scrolls of remove curse {unknown}
 r - a scroll of fog {unknown}
Potions
 h - a potion of invisibility
 i - a potion of lignification {unknown}
 l - a potion of curing {unknown}
 o - a potion of resistance {unknown}
 p - a potion of agility {unknown}
Comestibles
 f - 11 rations


   Skills:
 - Level 2.0 Fighting
 + Level 10.3 Bows
 - Level 1.3 Dodging
 - Level 0.4 Stealth


You had 5 spell levels left.
You didn't know any spells.

Dungeon Overview and Level Annotations

Branches:
Dungeon (4/15)             Temple (0/1) D:4

Altars:

Annotations:
D:2 exclusion: downstairs


Innate Abilities, Weirdness & Mutations

You have hooves in place of feet.
Armour fits poorly on your strangely shaped body.
You cover ground very quickly.
You have extremely tough skin. (AC +3)


Message History

Press: ? - help, Shift-Dir - straight line, f/p - worker ant
Aim: a worker ant (lightly wounded)
You shoot an arrow. The arrow hits the orc.
You kill the orc!
An orc comes into view. It is wielding a hand axe.
An orc priest comes into view. It is wielding a hand axe.
The orc priest shouts!
The worker ant closely misses you.
The orc priest drinks a potion.
The orc priest flickers and vanishes!
Deactivating autopickup; reactivate with Ctrl-A.
The orc priest invokes the aid of Beogh against you.
Beogh smites you! The worker ant bites you.
* * * LOW HITPOINT WARNING * * *
You are feeling hungry.
Something hits you.
* * * LOW HITPOINT WARNING * * *
You hear something call down the wrath of Beogh upon you.
Beogh smites you!
You die...

#.# ##.#.#.# #..# .
#.# #.#.#.# #..# #.
##.#####.#.#.# #..#
#.###.......a..(.#
#...
##..........####..#
.........>.## #..#
......(.#...## #..#
######..(#.#.###(.#
.......(....@...(.#
###....(...#.###.##
#.....(...## #.#
..###......)a## #.#
.....(...{(..# #.#
#.####.......## #.#
#............# #.$
#..####....o(.# ###
#..# #.#..#..#


You could see a worker ant and an orc priest.

Vanquished Creatures
  The ghost of Serooblart the Skirmisher, an amateur MiBe of Trog (D:3)
  A crocodile (D:4)
  A crimson imp (D:3)
  An orc wizard (D:3)
  3 adders
  An ooze (D:2)
  3 worms
  2 dart slugs
  2 leopard geckos (D:1)
  9 orcs
  2 bats (D:2)
  3 giant cockroaches
  2 goblins (D:3)
  6 hobgoblins
  4 jackals
  7 kobolds
  2 quokkas (D:2)
  3 ball pythons
  4 frilled lizards
  5 rats
62 creatures vanquished.

Notes
Turn   | Place    | Note
-------+----------+-------------------------------------------
     0 | D:1      | grindst0ne the Centaur Hunter began the quest for the Orb.
     0 | D:1      | Reached XP level 1. HP: 17/17 MP: 1/1
   220 | D:1      | Reached XP level 2. HP: 24/24 MP: 2/2
   228 | D:1      | Reached skill level 6 in Bows
   756 | D:2      | Reached XP level 3. HP: 24/29 MP: 3/3
   938 | D:2      | Reached skill level 7 in Bows
  1488 | D:3      | Reached XP level 4. HP: 17/36 MP: 4/4
  2056 | D:3      | Noticed Serooblart's ghost (amateur MiBe)
  3037 | D:3      | Killed Serooblart's ghost
  3037 | D:3      | Reached skill level 9 in Bows
  3037 | D:3      | Reached XP level 5. HP: 23/41 MP: 5/5
  3056 | D:3      | Reached XP level 6. HP: 14/48 MP: 6/6
  3422 | D:4      | Found a staircase to the Ecumenical Temple.
  3502 | D:4      | Reached skill level 10 in Bows
  3562 | D:4      | Killed from afar by an orc priest

Skill      XL: |  1  2  3  4  5  6 |
---------------+-------------------+-----
Bows           | 6 7 9 10 | 10.3
Fighting       | |  2.0
Dodging        | |  1.3
Stealth        | |  0.4

Action                   |  1- 3 |  4- 6 || total
-------------------------+-------+-------++-------
Melee: Short sword       |    29 |     3 ||    32
       Kick              |     4 |     4 ||     8
       Shortbow          |       |     6 ||     6
 Fire: Shortbow          |    98 |   137 ||   235
  Use: Potion            |     1 |     2 ||     3
  Eat: Chunk             |     1 |     1 ||     2
       Ration            |       |     1 ||     1
Armor: Leather armour    |    26 |    16 ||    42
Dodge: Dodged            |    37 |    27 ||    64
